 Dungeon Crawl Stone Soup version 0.24-a0-583-g87330a484a (webtiles) character file.

Game seed: 4750502460379539104, levelgen mode: deterministic

590 G3Kappa the Chopper (level 7, 0/52 HPs)
             Began as a Demonspawn Fighter on Aug 28, 2019.
             Was a Plaything of Xom.
             Killed from afar by an orc wizard (5 damage)
             ... with a magic dart
             ... on level 5 of the Dungeon.
             The game lasted 00:06:38 (4526 turns).

G3Kappa the Chopper (Demonspawn Fighter)            Turns: 4526, Time: 00:06:39

Health: 0/52       AC:  8    Str: 18    XL:     7   Next: 15%
Magic:  0/7        EV:  7    Int:  9    God:    Xom [....*.]
Gold:   197        SH:  9    Dex: 13    Spells: 6/6 levels left

rFire    . . .     SeeInvis .   a - +0 war axe
rCold    + . .     Gourm    .   c - +0 shield
rNeg     . . .     Faith    .   b - +0 scale mail
rPois    .         Spirit   +   (no helmet)
rElec    .         Reflect  .   (no cloak)
rCorr    .         Harm     .   (no gloves)
MR       .....                  (no boots)
Stlth    ..........             (no amulet)
HPRegen  0.17/turn              (no ring)
MPRegen  0.10/turn              (no ring)

@: lethally poisoned (0 -> -1), slowed, very slow
A: talons 1, iridescent scales 1, cold resistance 1, magic shield
a: Renounce Religion


You were on level 5 of the Dungeon.
You worshipped Xom.
You were a beloved toy of Xom.
You were not hungry.

You visited 2 branches of the dungeon, and saw 6 of its levels.

You collected 197 gold pieces.

Inventory:

Hand Weapons
 a - a +0 war axe (weapon)
Armour
 b - a +0 scale mail (worn)
 c - a +0 shield (worn)
 s - a +2 pair of gloves
Wands
 h - a wand of paralysis (18)
Scrolls
 g - a scroll of noise {unknown}
 i - 2 scrolls of enchant weapon {unknown}
 m - 2 scrolls of remove curse {unknown}
 n - a scroll of identify {unknown}
 q - a scroll of fear {unknown}
 t - a scroll of immolation {unknown}
Potions
 d - a potion of might
 e - 2 potions of heal wounds
 j - a potion of berserk rage {unknown}
 k - 5 potions of curing {unknown}
 o - a potion of agility {unknown}
 p - a potion of degeneration {unknown}
 u - a potion of brilliance {unknown}
Comestibles
 f - 7 rations
 l - 2 chunks of flesh


   Skills:
 - Level 3.0 Fighting
 + Level 7.3 Axes
 - Level 2.6 Armour
 - Level 2.6 Shields


You had 6 spell levels left.
You didn't know any spells.
Your spell library contained the following spells:

 Spells                   Type           Power        Failure   Level  Hunger
 Animate Skeleton         Necr           N/A          99%         1    ##.....
 Apportation              Tloc           #.....       99%         1    ##.....
 Confusing Touch          Hex            #.....       99%         1    ##.....
 Summon Small Mammal      Summ           #...         99%         1    ##.....


Dungeon Overview and Level Annotations

Branches:
Dungeon (5/15)             Temple (1/1) D:4

Altars:
Ashenzari
Dithmenos
Hepliaklqana
Nemelex Xobeh
Qazlal
Ru
Sif Muna
Trog
Xom
The Shining One

Annotations:
Temple


Innate Abilities, Weirdness & Mutations

You have sharp toenails.
You are partially covered in iridescent scales. (AC +2)
Your flesh is cold resistant. (rC+)
When hurt, damage is shared between your health and your magic reserves.


Message History

Your shield and scale mail prevent you from hitting the orc wizard.
The orc wizard hits you but does no damage.
You hit the orc wizard.
The orc wizard is lightly wounded.
You feel sick. You block the orc wizard's attack.
The orc wizard points at you and mumbles some strange words.
The magic dart hits you.
* * * LOW HITPOINT WARNING * * *
You hit the orc wizard. Your kick misses the orc wizard.
The orc wizard is heavily wounded.
The orc wizard hits you but does no damage. x2
You hit the orc wizard.
The orc wizard is severely wounded.
You feel sick.
The orc wizard hits you with a +0 dagger.
* * * LOW HITPOINT WARNING * * *
The orc wizard points at you and mumbles some strange words.
The magic dart hits you!
* * * LOW MAGIC WARNING * * *
You die...

#.........##.#......
#.........'.........
#.........##.#######
#..............#
#............).....
#................##
#.###............#
#.###............#
#..@o....##......#
#####..#.##........
#..#. #.....#.# #.)#
#..# .... ####. . #


You could see an orc wizard.

Vanquished Creatures
  A jelly (D:5)
  A hound (D:3)
  An orc priest (D:4)
  5 orc wizards
  Terence (D:3)
  2 iguanas (D:4)
  Ijyb (D:3)
  3 worker ants
  4 adders
  An ooze (D:5)
  2 adder skeletons (D:4)
  A worm (D:3)
  3 dart slugs
  7 leopard geckos
  22 orcs
  5 giant cockroaches
  9 hobgoblins
  7 jackals
  A quokka (D:3)
  4 ball pythons
  7 bats
  5 frilled lizards
  9 goblins
  A jackal skeleton (D:4)
  8 kobolds
  7 rats
118 creatures vanquished.

Notes
Turn   | Place    | Note
-------+----------+-------------------------------------------
     0 | D:1      | G3Kappa the Demonspawn Fighter began the quest for the Orb.
     0 | D:1      | Reached XP level 1. HP: 18/18 MP: 1/1
    37 | D:1      | Reached skill level 2 in Axes
   257 | D:1      | Gained mutation: Your flesh is cold resistant. (rC+)
                  | [demonic ancestry]
   257 | D:1      | Reached XP level 2. HP: 24/24 MP: 2/2
   748 | D:1      | Reached skill level 3 in Axes
  1292 | D:1      | Reached XP level 3. HP: 29/29 MP: 3/3
  2096 | D:3      | Noticed Ijyb
  2122 | D:3      | Reached skill level 4 in Axes
  2122 | D:3      | Gained mutation: You have sharp toenails. [demonic
                  | ancestry]
  2122 | D:3      | Reached XP level 4. HP: 35/35 MP: 4/4
  2127 | D:3      | Killed Ijyb
  2234 | D:3      | Gained mutation: When hurt, damage is shared between your
                  | health and your magic reserves. [demonic ancestry]
  2234 | D:3      | Reached XP level 5. HP: 36/41 MP: 5/5
  2333 | D:3      | Noticed Terence
  2348 | D:3      | Killed Terence
  2348 | D:3      | Reached skill level 5 in Axes
  2798 | D:3      | Gained mutation: You are partially covered in iridescent
                  | scales. (AC +2) [demonic ancestry]
  2798 | D:3      | Reached XP level 6. HP: 47/47 MP: 6/6
  3289 | D:4      | Reached skill level 6 in Axes
  3466 | D:4      | Found a staircase to the Ecumenical Temple.
  3476 | Temple   | Entered the Ecumenical Temple
  3607 | Temple   | Became a worshipper of Xom of Chaos
  3720 | D:4      | XOM: butterfly on damage
  3725 | D:4      | XOM is BORED!
  3725 | D:4      | XOM: harmless Air miscast
  4347 | D:4      | Found a shattered altar of Ashenzari.
  4412 | D:5      | Entered Level 5 of the Dungeon
  4461 | D:5      | XOM: scenery: 3 doors open
  4463 | D:5      | Reached skill level 7 in Axes
  4463 | D:5      | Reached XP level 7. HP: 52/52 MP: 7/7
  4526 | D:5      | Killed from afar by an orc wizard

Levels and vault maps discovered:
D:1:      enne_arrival_octagon_isle, layout_basic
D:2:      layout_rooms, first_ration
D:3:      layout_loops_cross, patterned_corridor, uniq_terence, uniq_ijyb
D:4:      layout_loops_ring, marbit_many_paths, temple_hall
D:5:      layout_basic, nicolae_overflow_crystal_walls, zin_purify,
          lemuel_coloured_pillars_altar, uniq_eustachio, uniq_blork_the_orc,
          uniq_edmund, uniq_grinder, uniq_duvessa
Temple:   nicolae_temple_figure_zero

Skill      XL: |  1  2  3  4  5  6 |
---------------+-------------------+-----
Axes           | 2 3 4 5 7 |  7.3
Fighting       | |  3.0
Armour         | |  2.6
Shields        | |  2.6

Action                   |  1- 3 |  4- 6 |  7- 9 || total
-------------------------+-------+-------+-------++-------
Melee: War axe           |   166 |   142 |    31 ||   339
       Kick              |       |    37 |     4 ||    41
  Use: Potion            |     2 |     1 |     2 ||     5
  Eat: Chunk             |     4 |     8 |       ||    12
Armor: Scale mail        |    80 |    44 |     6 ||   130
Dodge: Dodged            |    45 |    32 |     6 ||    83
Block: Shield            |    91 |    75 |    14 ||   180

Table legend:
 A = Non-vault XP
 B = Vault XP
 C = Vault XP percentage of total XP
 D = Non-vault monster count
 E = Vault monster count
 F = Vault count percentage of total count
                 A         B        C        D         E       F
            +---------+---------+-------+---------+---------+-------
      Total |     767 |      76 |   9.0 |     115 |       3 |   2.5
            +---------+---------+-------+---------+---------+-------
        D:1 |      41 |       0 |   0.0 |      24 |       0 |   0.0
        D:2 |      50 |       0 |   0.0 |      21 |       0 |   0.0
        D:3 |     225 |      74 |  24.7 |      42 |       2 |   4.5
        D:4 |     304 |       2 |   0.7 |      20 |       1 |   4.8
        D:5 |     147 |       0 |   0.0 |       8 |       0 |   0.0
            +---------+---------+-------+---------+---------+-------
